 Dungeon Crawl Stone Soup version 0.28-a0-1117-g0bdd5ba030 (webtiles) character file.

Game seed: 473936418727662477

5924 fragbeetle the Transmogrifier (level 10, -2/77 HPs)
             Began as a Merfolk Transmuter on Dec 12, 2021.
             Succumbed to Erica's bolt of poison
             ... on level 8 of the Dungeon.
             The game lasted 00:48:21 (12802 turns).

fragbeetle the Transmogrifier (Merfolk Transmuter) Turns: 12802, Time: 00:48:22

Health: -2/77      AC: 10    Str: 10 (13) XL:     10   Next: 83%
Magic:  15/17      EV: 24    Int: 11 (14) God:
Gold:   324        SH:  0    Dex: 18 (20) Spells: 10/18 levels left

rFire   . . .      SeeInvis .     - Unarmed
rCold   . . .      Faith    .   (shield currently unavailable)
rNeg    . . .      Spirit   .   (armour currently unavailable)
rPois   x          Reflect  .   (helmet currently unavailable)
rElec   .          Harm     .   (cloak currently unavailable)
rCorr   .          Rampage  .   (gloves currently unavailable)
Will    .....                   (boots currently unavailable)
Stlth   ++........              (no amulet)
HPRegen 0.22/turn               y - +4 ring of protection
MPRegen 0.15/turn               s - +4 ring of protection

@: lethally poisoned (-2 -> -22), spider-form, slowed, very slow
A: venomous fangs, tiny, (nimble swimmer 2), (mertail)
a: End Transformation


You were on level 8 of the Dungeon.
You were a venomous arachnid creature.
You visited 2 branches of the dungeon, and saw 10 of its levels.

You collected 324 gold pieces.

Inventory:

Missiles
 b - 330 stones
 j - 4 silver javelins
 q - 2 silver boomerangs
 r - a throwing net
 A - a curare-tipped dart
Armour
 a - a +0 robe
 c - a +0 pair of gloves (melded)
 l - a +2 helmet (melded)
 v - a +1 pair of boots (melded)
 E - +1 swamp dragon scales (melded)
 H - a +2 leather armour of fire resistance
Magical Staves
 p - a staff of poison (melded)
Jewellery
 g - a ring of protection from fire
 s - a +4 ring of protection (right front leg)
 y - a +4 ring of protection (left front leg)
 G - a ring of magical power
Wands
 x - a wand of digging (13)
Scrolls
 e - a scroll of summoning {unknown}
 f - a scroll of enchant weapon {unknown}
 i - a scroll of blinking
 o - 2 scrolls of teleportation {unknown}
 t - a scroll of fog {unknown}
 u - 2 scrolls of magic mapping {unknown}
 w - 2 scrolls of noise {unknown}
 z - a scroll of fear {unknown}
 C - a scroll of immolation {unknown}
Potions
 h - a potion of brilliance
 k - 3 potions of lignification
 m - a potion of degeneration
 n - a potion of haste {unknown}
 B - a potion of curing {unknown}
 D - a potion of mutation {unknown}
 F - a potion of might {unknown}


   Skills:
 * Level 6.8 Fighting
 * Level 7.1 Dodging
 - Level 0.8 Stealth
 + Level 9.2 Unarmed Combat
 + Level 4.9 Spellcasting
 * Level 9.5 Transmutations
 * Level 6.3 Ice Magic
 + Level 4.5 Poison Magic


You had 10 spell levels left.
You knew the following spells:

 Your Spells              Type           Power      Damage    Failure   Level
a - Beastly Appendage     Tmut           46%        N/A       3%          1
b - Spider Form           Tmut/Pois      18%        N/A       12%         3
c - Ice Form              Ice/Tmut       20%        N/A       22%         4

Your spell library contained the following spells:

 Spells                   Type           Power      Damage    Failure   Level
 Wereblood                Tmut           23%        N/A       4%          2
 Animate Skeleton         Necr           4%         N/A       43%         1
 Pain                     Necr           8%         1d4       43%         1
 Shock                    Conj/Air       8%         1d3       43%         1
 Sublimation of Blood     Necr           2%         N/A       54%         2
 Alistair's Intoxication  Tmut/Pois      12%        N/A       54%         5
 Stone Arrow              Conj/Erth      4%         3d7       75%         3
 Swiftness                Air            2%         N/A       75%         3
 Vampiric Draining        Necr           2%         2d6       75%         3
 Eringya's Noxious Bog    Tmut/Pois      9%         N/A       96%         6
 Airstrike                Air            1%         N/A       98%         4
 Animate Armour           Summ/Erth      4%         N/A       98%         4
 Borgnjor's Vile Clutch   Necr/Erth      1%         N/A       100%        5
 Fireball                 Conj/Fire      1%         3d3       100%        5
 Iskenderun's Battlesphe  Conj           2%         2d6       100%        5
 Summon Forest            Summ/Tloc      1%         N/A       100%        5
 Summon Mana Viper        Hex/Summ       2%         N/A       100%        5
 Conjure Ball Lightning   Conj/Air       1%         3x3d6     100%        6
 Summon Cactus Giant      Summ           1%         N/A       100%        6
 Orb of Destruction       Conj           1%         N/A       100%        7
 Summon Hydra             Summ           1%         N/A       100%        7
 Lehudib's Crystal Spear  Conj/Erth      1%         10d2      100%        8


Dungeon Overview and Level Annotations

Branches:
Dungeon (9/15)             Temple (1/1) D:6             Orc (0/2) D:9
   Lair: D:8-11

Altars:
Ashenzari
Cheibriados
Dithmenos
Elyvilon
Fedhas
Gozag
Kikubaaqudgha
Nemelex Xobeh
Okawaru
Qazlal
Ru
Sif Muna
Trog
Uskayaw
Vehumet
Wu Jian
Xom
Yredelemnul
Zin
The Shining One

Annotations:
D:8 1 runed translucent door, Erica; Harold; KennySheep's ghost, novice DEEE


Innate Abilities, Weirdness & Mutations

You are a venomous arachnid creature.
You have poisonous fangs.
You are tiny and dextrous.
Your spellcasting is less reliable in this form.
Your armour is entirely melded.
You are incapable of wielding weapons or throwing items.
((You are quick and stealthy near water. (Stealth+, EV+, Speed+++)))
((Your lower body shifts to a powerful aquatic tail in water.))


Message History

You're too confused to cast spells.
You bump into the rock wall.
You feel less confused.
You feel very sick. Erica closely misses you.
Unknown command.
Casting: Spider Form (dangerous; 6% risk of failure)
Confirm with . or Enter, or press ? or * to list all spells.
You feel a surge of power!
You turn into a venomous arachnid creature.
Your staff of poison melds into your body.
Your +2 helmet melds into your body.
Your +0 pair of gloves melds into your body.
Your +1 pair of boots melds into your body.
Your +1 swamp dragon scales melds into your body.
You feel very sick. Erica barely misses you.
You hit Erica.
Erica is lightly wounded.
You feel sick. Erica casts a spell at you. The bolt of poison hits you!!
You are more poisoned.
Erica barely misses you.
It was a potion of degeneration.
There was something very wrong with that liquid.
You feel weakened.
You feel dopey.
You feel clumsy.
You feel extremely sick.
Erica hits you with a +4 scimitar of flaming!
* * * LOW HITPOINT WARNING * * *
Erica burns you.
* * * LOW HITPOINT WARNING * * *
Blink to where?
Press: ? - help, Dir - move target
As you read the scroll of blinking, it crumbles to dust.
* * * LOW HITPOINT WARNING * * *
You feel extremely sick.
The gnoll shouts!
The gnoll completely misses you. x2
You die...

# #...........<..# #. #
#...........#### #. #
#........... ## #
...#........### #...#. #
###.#######....# #..... # #
... .....# #....# .## # #.#
######...####....#(W.#
.................##+###
#gs.#####........#
#......|.........#
###.......>..#
#............#
#[..####..#### #.@.# #...
#...# ##.##
#################...#####.#
..)...............ยง........


You could see Erica and a gnoll.

Vanquished Creatures
  Maggie (D:9)
  Prince Ribbit (D:9)
  Grinder (D:6)
  2 wyverns
  Eustachio (D:6)
  4 yaks (D:9)
  Grum (D:9)
  2 vampire mosquitoes (D:9)
  A steam dragon (D:7)
  An acid dragon (D:9)
  3 water moccasins (D:7)
  2 orc warriors
  A black bear (D:6)
  A necrophage (D:6)
  An ogre (D:6)
  A sky beast (D:6)
  3 wolves (D:9)
  3 centaurs
  A phantom (D:4)
  A kobold brigand (D:8)
  3 scorpions
  4 bullfrogs
  A wyvern zombie (D:5)
  A wyvern skeleton (D:7)
  5 killer bees (D:7)
  6 wights
  A howler monkey (D:9)
  2 bullfrog zombies (D:6)
  3 centaur zombies (D:5)
  3 hounds
  4 orc priests
  A gnoll shaman (D:8)
  2 jellies
  3 bullfrog skeletons
  2 iguanas
  10 orc wizards
  A howler monkey skeleton (D:7)
  10 gnolls
  2 adders
  3 worms (D:2)
  A dart slug (D:1)
  36 orcs
  5 endoplasms
  3 giant cockroaches (D:1)
  9 goblins
  9 hobgoblins
  2 jackals (D:2)
  12 kobolds
  4 quokkas
  7 ball pythons
  5 bats
  6 frilled lizards
  11 rats
209 creatures vanquished.

Vanquished Creatures (others)
  An orc wizard (D:6)
  4 plants (D:6)
5 creatures vanquished.

Grand Total: 214 creatures vanquished

Notes
Turn   | Place    | Note
-------+----------+-------------------------------------------
     0 | D:1      | fragbeetle the Merfolk Transmuter began the quest for the
                  | Orb.
     0 | D:1      | Reached XP level 1. HP: 15/15 MP: 3/3
   420 | D:1      | Reached XP level 2. HP: 21/21 MP: 3/5
   725 | D:1      | Reached XP level 3. HP: 15/27 MP: 4/6
   952 | D:1      | Found a faded altar of an unknown god.
  1301 | D:2      | Reached XP level 4. HP: 14/33 MP: 5/7
  1452 | D:2      | Learned a level 3 spell: Spider Form
  2144 | D:2      | Reached XP level 5. HP: 38/39 MP: 6/8
  2303 | D:2      | Found a basalt altar of Yredelemnul.
  2807 | D:3      | Reached skill level 1 in Poison Magic
  3954 | D:3      | Reached XP level 6. HP: 42/47 MP: 6/10
  4636 | D:4      | Reached skill level 5 in Transmutations
  4703 | D:4      | Learned a level 4 spell: Ice Form
  5033 | D:4      | Reached XP level 7. HP: 43/52 MP: 9/11
  5177 | D:5      | Entered Level 5 of the Dungeon
  5305 | D:5      | Reached skill level 1 in Ice Magic
  5343 | D:5      | Reached skill level 5 in Unarmed Combat
  6026 | D:6      | Noticed Grinder
  6096 | D:6      | Reached XP level 8. HP: 60/60 MP: 10/13
  6195 | D:6      | Found a staircase to the Ecumenical Temple.
  6202 | Temple   | Entered the Ecumenical Temple
  6662 | D:6      | Found an opulent altar of Gozag.
  7662 | D:7      | HP: 1/73 [orc priest/divine providence (16)]
  7963 | D:8      | Noticed Erica
  7984 | D:7      | Reached XP level 9. HP: 45/67 MP: 12/14
  7994 | D:7      | Reached skill level 5 in Fighting
  8149 | D:7      | Reached skill level 5 in Dodging
  9100 | D:6      | Noticed Eustachio
  9118 | D:6      | Killed Eustachio
  9367 | D:6      | Paralysed by Grinder for 7 turns
  9379 | D:6      | Paralysed by Grinder for 5 turns
  9381 | D:6      | Killed Grinder
 10083 | D:8      | Reached XP level 10. HP: 58/75 MP: 8/16
 10416 | D:8      | Reached skill level 5 in Ice Magic
 10422 | D:8      | Noticed Harold
 10645 | D:9      | Found a hide-covered altar of Uskayaw.
 10764 | D:9      | Noticed Maggie
 11142 | D:9      | Killed Maggie
 11466 | D:8      | Noticed a +4 dagger of chaos
 11466 | D:8      | Noticed KennySheep's ghost (novice DEEE)
 11466 | D:8      | Found a runed translucent door.
 11466 | D:8      | Found a shimmering altar of Xom.
 11767 | D:9      | Noticed Prince Ribbit
 11781 | D:9      | Killed Prince Ribbit
 11929 | D:9      | Noticed Grum
 11953 | D:9      | Killed Grum
 12283 | D:9      | Found a staircase to the Orcish Mines.
 12802 | D:8      | Succumbed to Erica's bolt of poison

Illustrated notes

Levels and vault maps discovered:
D:1:      dpeg_arrival_round_b, layout_basic,
          shapermc_ecumenical_altar_flowoftime
D:2:      layout_loops_ring, basic_altar, minmay_domino_4
D:3:      layout_loops_corners
D:4:      layout_basic
D:5:      layout_rooms
D:6:      layout_basic, mainiacjoe_overflow_cross_hatched,
          minmay_temple_entry_butterflies, uniq_grinder, uniq_eustachio
D:7:      layout_basic, interstate_on_off
D:8:      layout_basic, ebering_ghost_xom, amcnicky_mini_rare_corridor_liquid,
          chequers_mini_garden, uniq_erica, uniq_harold
D:9:      layout_irregular_city, mainiacjoe_overflow_small_starburst,
          uniq_prince_ribbit1, uniq_maggie, uniq_grum
Temple:   minmay_crystal_spiral_temple

Skill      XL: |  1  2  3  4  5  6  7  8  9 10 |
---------------+-------------------------------+-----
Transmutations | 3 4 5 6 8 9 |  9.5
Fighting       | 2 3 4 5 6 |  6.8
Dodging        | 3 4 5 7 |  7.1
Unarmed Combat | 4 5 6 8 9 |  9.2
Poison Magic   | 1 2 3 4 |  4.5
Spellcasting   | 3 4 |  4.9
Ice Magic      | 2 3 4 6 |  6.3
Stealth        | |  0.8

Action                   |  1- 3 |  4- 6 |  7- 9 | 10-12 || total
-------------------------+-------+-------+-------+-------++-------
Melee: Unarmed           |    98 |   227 |   328 |   133 ||   786
       Headbutt          |     9 |    31 |     9 |       ||    49
       Punch             |     1 |     7 |     2 |       ||    10
       Staff             |       |       |       |     3 ||     3
 Cast: Beastly Appendage |    21 |    37 |    10 |       ||    68
       Spider Form       |       |     8 |    29 |    15 ||    52
       Ice Form          |       |       |     9 |     4 ||    13
  Use: Scroll            |       |       |     4 |     2 ||     6
       Potion            |       |       |       |     1 ||     1
 Stab: Sleeping          |     3 |       |     1 |       ||     4
Armor: Robe              |    31 |    24 |    20 |     1 ||    76
       Skin              |       |     5 |    42 |    14 ||    61
       Swamp dragon scal |       |       |       |     3 ||     3
Dodge: Dodged            |    90 |   116 |   273 |   140 ||   619

Table legend: (Time is in decaauts)
 A = Elapsed time spent in this place.
 B = Non-inter-level travel time spent in this place.
 C = Inter-level travel time spent in this place.
 D = Time resting spent in this place.
 E = Time spent auto-exploring this place.
 F = Levels seen in this place.
 G = Mean time per level.
                   A        B        C        D        E       F      G
               +--------+--------+--------+--------+--------+-----+--------+
         Total |  12736 |  12020 |    716 |   4274 |   1961 |  10 | 1273.6 |
       Dungeon |  12411 |  11778 |    633 |   4174 |   1850 |   9 | 1379.0 |
        Temple |    325 |    242 |     83 |    100 |    111 |   1 |  325.0 |
               +--------+--------+--------+--------+--------+-----+--------+

Top non-repeatable levels by time:
     D:3: 1890 daAuts
     D:9: 1721 daAuts
     D:7: 1624 daAuts
     D:6: 1538 daAuts
     D:8: 1496 daAuts
     D:1: 1470 daAuts
     D:2: 943 daAuts
     D:4: 940 daAuts
     D:5: 786 daAuts
  Temple: 325 daAuts
